cohdb
Replays
Latest Replays
All Replays
Popular Replays
Top Player Replays
Match Explorer
How It Works
Community
CoH3 Stats
Reddit
Sign in to upload your games and track your stats! →
Sign in with Steam
Match 32460261
Unlisted
Match 32460261
Overview
Messages
Build Orders
End
Panzerpioneer Squad
Selects Italian Infantry
250 Light Carrier
Panzerpioneer Squad
250 Light Carrier
Panzerpioneer Squad
250 Light Carrier
Construct Light Support Kompanie
Construct Mechanized Kompanie
Selects Guastatori Squad
Selects L6/40 Light Tank Combat Group
Panzerjäger Mechanized Group
Construct Panzerarmee Kommand
Walking Stuka Rocket Launcher
Selects Towed Cannone da 105/28 Field Howitzer
Guastatori Squad
Guastatori Squad
Panzer III L Medium Tank
Guastatori Squad
Selects Defensive Operations
Armored Reserves
Panzer IV Assault Group
Panzer III L Medium Tank
Guastatori Squad
Walking Stuka Rocket Launcher
Selects Prepared Positions
Selects Obice 305mm Barrage
Obice 305mm Barrage
Microsoft Outlook
Microsoft Office Excel
Microsoft Office Word
ESP | CORVUS
Default
Mocha
0
0
Comments
sign in to comment!
No comments posted yet!